Map: Imperio eterno EE

Players

iTzEDANxPROz

  • Race: Terran Terran
  • League: Gold
  • Spawn Location: 7:00

MrFercho - Winner!

  • Race: Zerg Zerg
  • League: Gold
  • Spawn Location: 1:00

VOD

Have the link to the VOD?

Description

Time

  • Played on: Aug. 8, 2020, 6:42 p.m.
  • Length: 17:09
Show
View Real Time Build Order
Export as new Build Order

iTzEDANxPROz Terran 

Build Orders:  

Get SALT Encoding   

  12  0:13  SCV, Supply Depot  
  13  0:25  SCV  
  14  0:42  Barracks  
  14  0:44  SCV  
  15  0:56  SCV  
  16  1:05  Refinery  
  16  1:09  SCV  
  17  1:21  SCV  
  18  1:27  Refinery  
  18  1:32  Supply Depot  
  18  1:33  SCV, Marine  
  20  1:45  SCV  
  21  1:50  Marine  
  22  1:57  SCV  
  22  1:59  Barracks  
  23  2:10  Orbital Command  
  23  2:19  Barracks Reactor  
  23  2:39  Engineering Bay  
  23  2:50  Barracks Tech Lab  
  23  2:53  Barracks  
  23  2:57  Marine x2  
  25  3:08  Terran Infantry Weapons Level 1  
  25  3:09  Engineering Bay  
  25  3:12  SCV  
  26  3:19  Stimpack  
  26  3:21  Marine x2  
  26  3:24  SCV  
  29  3:31  Marine  
  30  3:44  Factory  
  30  3:49  Marine  
  31  4:05  Command Center  
  31  4:09  Supply Depot  
  31  4:12  Terran Infantry Armor Level 1  
  31  4:19  Barracks Reactor  
  31  4:30  Marine x2  
  33  4:33  Supply Depot  
  33  4:40  Starport  
  33  4:44  Factory Tech Lab  
  33  4:56  Marine  
  33  4:57  Marine x4  
  33  4:58  Combat Shield  
  38  5:06  Siege Tank  
  41  5:14  Marine x3  
  44  5:22  Starport Reactor  
  44  5:31  Orbital Command  
  44  5:32  Marine x2  
  46  5:44  Hellion  
  46  5:49  Marine  
  49  6:01  Medivac x2  
  49  6:02  Orbital Command  
  53  6:06  Hellion  
  55  6:21  Supply Depot  
  55  6:23  Marine x2  
  57  6:41  Marine x2  
  57  6:44  Supply Depot  
  59  7:05  Marine x2  
  61  7:11  Armory, Hi-Sec Auto Tracking  
  61  7:22  Marine  
  61  7:23  Marine  
  61  7:24  Refinery  
  51  7:40  Marine  
  51  7:41  Marine  
  53  7:54  SCV x2  
  53  7:58  Marine x2  
  57  8:06  SCV x2  
  59  8:14  Refinery  
  59  8:18  SCV  
  59  8:19  SCV  
  61  8:24  Supply Depot  
  61  8:26  Liberator x2  
  67  8:30  SCV, Factory  
  67  8:31  SCV  
  69  8:34  Marine  
  69  8:35  Marine  
  71  8:43  SCV x2  
  73  8:52  Marine  
  73  8:53  Marine  
  73  8:55  SCV x2  
  77  8:56  Sensor Tower  
  77  9:07  SCV  
  77  9:09  Liberator x2  
  84  9:10  Marine  
  84  9:11  Marine  
  86  9:18  Sensor Tower  
  86  9:41  Factory Tech Lab  
  86  9:46  Factory  
  86  9:55  Fusion Core  
  86  9:57  Supply Depot  
  86  9:58  Supply Depot  
  86  10:02  Supply Depot  
  86  10:18  SCV x2, Marine x5  
  93  10:23  Supply Depot x2  
  93  10:25  Supply Depot  
  93  10:28  Command Center, Terran Infantry Weapons Level 2  
  93  10:30  SCV, Terran Infantry Armor Level 2, Starport  
  94  10:36  Marine x3  
  94  10:38  Siege Tank  
  100  10:45  Viking  
  100  10:49  Supply Depot  
  102  10:51  Viking  
  104  11:09  Factory Tech Lab  
  104  11:11  Starport Tech Lab  
  104  11:15  Viking  
  106  11:35  SCV x2  
  108  11:42  Orbital Command  
  108  11:47  SCV  
  108  11:48  SCV  
  108  11:49  Siege Tank x3  
  119  11:59  SCV  
  119  12:00  SCV  
  121  12:10  Orbital Command  
  121  12:16  Weapon Refit  
  121  12:26  Terran Vehicle Weapons Level 1  
  121  12:30  Armory  
  121  12:48  Medivac x2  
  125  13:01  SCV x3  
  128  13:09  Terran Infantry Weapons Level 3  
  128  13:11  Terran Infantry Armor Level 3  
  128  13:13  SCV x2, Marine x2  
  128  13:14  Marine x3  
  134  13:31  Marine x2  
  134  13:32  Marine x3  
  127  13:44  Siege Tank x2  
  127  13:45  Siege Tank  
  136  13:49  Marine x2  
  136  13:50  Marine x3  
  141  13:56  Supply Depot  
  141  13:58  SCV x3  
  144  14:04  Refinery  
  144  14:07  Refinery, Marine x2  
  146  14:11  Battlecruiser  
  152  14:17  Thor  
  152  14:19  Supply Depot  
  89  15:09  Marine  
  89  15:10  Marine x4  
  67  15:27  Marine  
  67  15:28  Marine x4  
  55  15:45  Marine  
  55  15:46  Marine x4  
  57  16:03  Marine x5  
  45  16:21  Marine  
  45  16:22  Marine  
  45  16:23  Marine x3  
  45  16:25  Thor x2  
  54  16:31  Orbital Command  
  57  16:39  Marine  
  58  16:40  Marine  
  58  16:41  Marine x3  
Show
View Real Time Build Order
Export as new Build Order

MrFercho Zerg - Winner!

Build Orders: Hatch First 

Get SALT Encoding   

  12  0:01  Drone  
  13  0:13  Overlord  
  13  0:17  Drone  
  14  0:32  Drone x2  
  16  0:54  Drone  
  16  0:55  Hatchery  
  16  0:58  Drone  
  16  1:00  Drone  
  18  1:12  Extractor  
  18  1:18  Spawning Pool  
  16  1:20  Drone  
  16  1:24  Drone  
  18  1:30  Drone  
  19  1:39  Drone  
  20  1:53  Overlord  
  20  2:08  Zergling x2  
  20  2:09  Zergling x2, Queen x2  
  26  2:18  Drone  
  26  2:21  Drone  
  28  2:26  Overlord  
  28  2:31  Drone  
  29  2:40  Drone x2  
  31  2:53  Overlord x2  
  31  2:59  Overlord  
  31  3:01  Queen  
  33  3:06  Lair  
  33  3:09  Metabolic Boost  
  33  3:11  Drone x2  
  35  3:13  Drone  
  36  3:22  Drone  
  37  3:41  Drone x8  
  38  3:44  Extractor  
  38  3:46  Extractor  
  43  3:48  Baneling Nest  
  43  3:54  Evolution Chamber  
  41  3:59  Queen  
  41  4:02  Drone x2  
  45  4:03  Drone x3  
  48  4:20  Overseer  
  48  4:28  Drone x3  
  48  4:29  Drone  
  52  4:36  Zerg Melee Weapons Level 1  
  52  4:45  Zergling x12  
  58  5:04  Hatchery, Evolution Chamber  
  56  5:08  Centrifical Hooks  
  56  5:13  Drone x4  
  60  5:26  Spore Crawler  
  59  5:31  Drone  
  59  5:34  Overlord x3  
  60  5:53  Drone  
  60  5:55  Hydralisk Den  
  60  6:15  Baneling  
  60  6:16  Baneling x8  
  60  6:17  Zergling x2  
  60  6:18  Zergling x18  
  70  6:20  Drone x5  
  75  6:26  Grooved Spines  
  75  6:31  Hatchery  
  74  6:34  Drone x3  
  77  6:53  Zerg Ground Armor Level 1  
  77  6:55  Zerg Melee Weapons Level 2  
  77  7:15  Drone x12  
  83  7:16  Drone  
  83  7:19  Extractor  
  85  7:37  Muscular Augments  
  85  8:10  Drone x4  
  89  8:19  Extractor  
  88  8:26  Zergling x10  
  88  8:27  Zergling x4  
  95  8:29  Overlord  
  95  8:30  Overlord x3  
  95  8:37  Baneling x2  
  95  8:38  Baneling x7  
  95  8:39  Baneling x4  
  95  8:47  Queen  
  97  8:53  Spore Crawler  
  97  8:54  Spine Crawler  
  95  8:56  Spine Crawler  
  95  8:58  Spine Crawler  
  93  9:06  Zerg Ground Armor Level 2  
  93  9:08  Hydralisk  
  93  9:09  Hatchery, Hydralisk x11  
  116  9:34  Pneumatized Carapace  
  116  9:50  Overlord x3  
  116  9:56  Zerg Missile Weapons Level 1  
  116  10:02  Extractor  
  116  10:03  Infestation Pit  
  116  10:06  Spire  
  113  10:16  Hydralisk x4  
  113  10:17  Hydralisk x12  
  145  10:22  Drone  
  145  10:23  Drone x3  
  145  10:27  Drone  
  150  10:29  Drone x4  
  154  10:43  Overseer  
  154  10:47  Burrow  
  154  10:49  Overlord x3  
  154  10:51  Drone x3  
  154  10:56  Extractor  
  156  10:57  Extractor  
  156  11:00  Zergling x4  
  157  11:19  Overseer  
  157  11:22  Overlord x3  
  157  11:29  Hive  
  157  11:40  Lurker Den  
  157  11:45  Overlord x2  
  156  11:50  Overseer  
  156  11:57  Overlord x3  
  156  12:03  Drone x7  
  156  12:04  Drone  
  156  12:07  Spore Crawler  
  163  12:10  Spine Crawler  
  163  12:13  Spine Crawler  
  163  12:14  Spine Crawler  
  160  12:19  Hydralisk x7  
  160  12:20  Zergling x2  
  160  12:21  Zergling x36  
  193  12:42  Zerg Melee Weapons Level 3, Zerg Ground Armor Level 3  
  193  12:46  Greater Spire, Adaptive Talons  
  193  12:54  Drone x5  
  193  12:55  Drone  
  199  13:23  Zergling x2  
  193  13:44  Seismic Spines  
  193  13:59  Drone x13  
  193  14:03  Corruptor  
  193  14:04  Corruptor x2  
  199  14:38  Brood Lord  
  199  14:39  Brood Lord  
  199  14:41  Brood Lord  
  185  14:48  Spore Crawler  
  185  14:52  Spore Crawler  
  147  15:02  Zergling x12  
  147  15:03  Zergling x30  
  139  15:26  Baneling x4  
  139  15:27  Baneling x10  
  123  15:37  Lurker  
  123  15:38  Lurker x6  
  128  15:46  Zergling x14  
  128  15:47  Zergling x18  
  133  16:02  Corruptor x5  
  133  16:03  Corruptor x3  
  142  16:18  Zergling x22  
  153  16:41  Zergling x14  
  153  16:42  Zergling x14  
Tags
 
League
GoldGold
Matchup
TvZ
Replay Pack
MrFercho
Spawn Locations
Cross Positions
Add a new tag
Caveats
  • Supply blocks, unpowered buildings, or Contaminate may cause inaccurate times.
  • Supply counts are checked every 10 seconds.